AoeStats
← Rideronts425

Arabia

504720233Analyzed
2v2 RM · 27d ago on Sep 6, 2026· 21m 55s· 4 players
Game mode
Random Map
Map size
Medium (4 player)
Population
200
Speed
Normal
Resources
Standard
Victory
Conquest
Starting age
Dark Age
Ending age
Imperial Age
RankedLock teamsTeams togetherTeam positionsShared explorationLock speedFull tech treeHidden civsTurbo modeCheats
Victory
Defeat
🇦🇷 Bulgarians · Argentina
919
+17
🇦🇷 Spanish · Argentina
862
+21
🇱🇰 Britons · Sri Lanka
949
-56
🇮🇳 Japanese · India
946
-52
Rideronts425
14:50 Loom
19:02 Feudal Age
Darklord
5:58 Loom
11:44 Feudal Age
12:45 Double-Bit Axe
16:40 Wheelbarrow
21:10 Castle Age
Neat
7:37 Loom
9:50 Feudal Age
14:25 Castle Age
TacitMarmot2360
11:37 Feudal Age
16:22 Horse Collar
17:26 Scale Mail Armor
17:44 Forging
18:30 Arson
Connection lost

Rejoining the realm…

Still unreachable

The connection could not be restored.

Session expired

The server has moved on; the page needs a fresh start.